 Dungeon Crawl Stone Soup version 0.18-a0-1799-g6250cb2 (webtiles) character file.

113323 Chiseanne the Spry (level 16, -2/165 HPs)
             Began as a Troll Monk on Apr 23, 2016.
             Was a High Priest of the Shining One.
             Slain by a greater naga
             ... wielding a +0 spear
              (16 damage)
             ... on level 2 of the Snake Pit.
             The game lasted 02:15:58 (30257 turns).

Chiseanne the Spry (Troll Monk)                    Turns: 30257, Time: 02:15:59

Health: -2/165     AC: 13    Str: 23    XL:     16   Next: 13%
Magic:  0/24       EV: 14    Int: 10    God:    the Shining One [*****.]
Gold:   2026       SH: 25    Dex: 17    Spells: 2 memorised, 11 levels left

rFire  + . .     SeeInvis .       - Unarmed
rCold  . . .     Gourm    +     r - +2 robe {rF+}
rNeg   + + .     Faith    .     N - +5 shield {AC+3}
rPois  +         Spirit   +     K - +1 hat
rElec  .         Dismiss  .     k - +1 cloak
rCorr  .         Reflect  .     (gloves unavailable)
SustAt .         Harm     .     (boots unavailable)
MR     +....                    w - amulet of guardian spirit
Stlth  +.........               Z - ring of the Duchess {rPois Int+4}
                                S - +3 ring of slaying

@: lethally poisoned (-2 -> -2), divine shield, glowing, constricted, somewhat
resistant to hostile enchantments, very unstealthy
A: unfitting armour, claws 3, fast metabolism 3, gourmand, mutation resistance
1, regeneration 2, shaggy fur 1, tough skin 2
a: Divine Shield, Cleansing Flame, Summon Divine Warrior, Renounce Religion


You were on level 2 of the Snake Pit.
You worshipped the Shining One.
The Shining One was extremely pleased with you.
You were full.

You visited 6 branches of the dungeon, and saw 29 of its levels.
You also visited: Labyrinth and Bailey.

You collected 3042 gold pieces.
You spent 1016 gold pieces at shops.

Inventory:

Hand Weapons
 a - a +5 long sword of protection
 d - a +1 broad axe of flaming
 e - a +1 arbalest of evasion
 q - the +7 short sword of Trog's Hope {pierce, +Blink rC+}
   (You found it on level 8 of the Lair of Beasts)

   It inflicts extra damage upon your enemies.
   It protects you from cold.
   It lets you blink.
 s - a +2 giant spiked club
 H - a +2 scimitar of flaming
Missiles
 g - 7 large rocks (quivered)
 E - 3 throwing nets {!*}
 G - 8 silver tomahawks
 Y - 12 javelins
Armour
 c - a +0 robe of fire resistance
 k - a +1 cloak (worn)
 r - a +2 robe of fire resistance (worn)
 K - a +1 hat (worn)
 N - a +5 shield of protection (worn)
Jewellery
 w - an amulet of guardian spirit (around neck)
 x - an uncursed ring of see invisible
 z - an uncursed ring of protection from cold
 S - a +3 ring of slaying (left claw)
 Z - the ring of the Duchess (right claw) {rPois Int+4}
   (You found it on level 1 of the Lair of Beasts)

   [ring of intelligence]

   It affects your intelligence (+4).
   It protects you from poison.
Wands
 t - a wand of teleportation (5/9)
 P - a wand of disintegration (3/24)
Scrolls
 h - a scroll of amnesia
 m - 11 scrolls of remove curse
 n - 6 scrolls of teleportation
 A - 3 scrolls of recharging
 I - 4 scrolls of fog
 J - 4 scrolls of magic mapping
 Q - 5 scrolls of identify
 R - 3 scrolls of blinking
 T - a scroll of silence
 U - a scroll of fear
Potions
 j - 2 potions of magic
 o - 6 potions of flight
 y - 2 potions of ambrosia
 C - 3 potions of cancellation
Miscellaneous
 l - a phial of floods
Comestibles
 b - 7 bread rations
 u - 4 meat rations


   Skills:
 * Level 12.2 Fighting
 - Level 11.6 Throwing
 * Level 15.1 Dodging
 - Level 1.1 Stealth
 - Level 4.0 Unarmed Combat
 - Level 12.2 Invocations


You had 11 spell levels left.
You knew the following spells:

 Your Spells              Type           Power        Failure   Level  Hunger
a - Repel Missiles        Chrm/Air       #.....       100%        2    ###....
b - Swiftness             Chrm/Air       #.......     100%        2    ###....


Dungeon Overview and Level Annotations

Branches:
Dungeon (15/15)            Temple (1/1) D:5            Lair (8/8) D:9
 Shoals (0/4) Lair:3        Snake (2/4) Lair:3        Slime (0/6) Lair:7
    Orc (2/2) D:11            Elf (0/3) Orc:2        Vaults (0/5) D:14
 Depths (1/5) D:15

Altars:
Ashenzari
Cheibriados
Dithmenos
Elyvilon
Fedhas
Gozag
Kikubaaqudgha
Makhleb
Nemelex Xobeh
Okawaru
Pakellas
Qazlal
Ru
Sif Muna
Trog
Vehumet
Xom
Yredelemnul
Zin
The Shining One

Shops:
D:8 ([*%   D:13 :   Orc:2 ???[

Annotations:
D:5 Chiseanne's ghost, amateur TrMo
D:13 Rupert
Orc:2 exclusion: upstairs


Innate Abilities, Weirdness & Mutations

You are too large for most types of armour.
You have claws for hands.
Your metabolism is lightning-fast.
You like to eat raw meat.
You heal very quickly.
You are covered in fur (AC +1).
You have very tough skin (AC +2).
You are somewhat resistant to further mutation.


Message History

You scratch the greater naga.
The greater naga is heavily wounded.
You feel sick.
The greater naga points at you and mumbles some strange words.
The orb of energy hits you!
* * * LOW HITPOINT WARNING * * *
x2 The greater naga constricts you.
The greater naga spits poison at you. The splash of poison misses you.
* * * LOW HITPOINT WARNING * * *
The greater naga constricts you.
Your shield is strengthened by the Shining One's divine power.
You feel slightly less full.
You feel sick. You block the greater naga's attack.
The greater naga constricts you.
You scratch the greater naga.
The greater naga is severely wounded.
You feel sick. The greater naga misses you.
* * * LOW HITPOINT WARNING * * *
The greater naga constricts you. The greater naga hits you with a spear!
You die...

#....##....##....##.......##.
#....##....##....'........##.
#....##....##....##.......##.
#....##....##################
#....##...##########
#....##...##.......#
#....##...'........#
#....##...##.......#
#######...##@####### #####
#...#N######## #.(..
#...##(....... #....
#..S##.)......
#....##...##........
#...................
#...................
#...........S...N...
#..........#########


You could see a greater naga.

Vanquished Creatures
  An orc warlord (Bailey)
  Wiglaf (D:15)
  A stone giant (Orc:2)
  Snorg (Orc:2)
  A minotaur (Lab)
  2 fire dragons
  Josephine (Orc:1)
  A yaktaur captain (D:15)
  Fannar (D:12)
  The ghost of Conn321 the Covert, a journeyman NaEn of Sif Muna (Lair:3)
  5 hydras
  A naga warrior (Snake:2)
  Erolcha (D:10)
  2 centaur warriors
  5 death yaks (Lair:7)
  The ghost of Yehuk the Nimble, a novice DsMo of Ashenzari (Bailey)
  5 orc high priests (Orc:2)
  Urug (D:11)
  2 tengu warriors
  2 shock serpents (Snake:2)
  2 naga sharpshooters (Snake:2)
  3 naga ritualists
  An unseen horror (D:15)
  5 hill giants
  A wolf spider zombie (D:15)
  7 orc knights
  A necromancer (Lair:7)
  A phantasmal warrior (D:14)
  2 mana vipers
  A deep elf mage (Orc:2)
  A wolf spider (D:15)
  9 ugly things
  A cyclops (Orc:2)
  2 salamanders
  A manticore (D:13)
  14 black mambas
  Maurice (D:9)
  3 sirens (Lair:3)
  10 elephants
  10 spiny frogs
  4 gargoyles
  2 naga magi
  A torpor snail (Lair:8)
  9 komodo dragons
  A rime drake (shapeshifter) (D:15)
  4 rime drakes
  A yaktaur (D:15)
  An efreet (D:15)
  A tengu conjurer (D:14)
  4 two-headed ogres
  10 polar bears
  10 trolls
  Grinder (D:4)
  3 raiju (Lair:8)
  5 slime creatures
  A boulder beetle (Lair:8)
  19 blink frogs
  A two-headed ogre (shapeshifter) (D:14)
  A shadow (D:15)
  53 yaks
  A spriggan (Lair:5)
  A water elemental (D:11)
  2 wyverns
  4 wraiths
  8 basilisks
  A hungry ghost (D:14)
  11 hippogriffs
  15 vampire mosquitoes
  2 insubstantial wisps (Lair:4)
  4 mottled dragons
  8 nagas
  Edmund (D:6)
  10 wargs
  11 water moccasins
  18 porcupines
  7 hell hounds (Lair:8)
  59 orc warriors
  2 swamp drakes (Lair:8)
  2 eyes of draining
  10 ogres
  2 wasps
  2 ice beasts
  2 phantoms
  6 sky beasts
  15 black bears
  7 necrophages
  13 wolves
  21 crocodiles
  5 centaurs
  2 big kobolds
  Blork the orc (D:4)
  11 giant frogs
  2 gnoll sergeants
  A water moccasin skeleton (D:8)
  2 scorpions
  12 killer bees
  3 wights (D:13)
  7 howler monkeys
  8 crimson imps
  A giant frog zombie (D:6)
  A lava snake (Lair:3)
  44 orc priests
  6 centaur zombies
  21 hounds
  5 jellies
  3 giant frog skeletons
  4 gnoll shamans (D:8)
  4 centaur skeletons
  Jessica (D:2)
  21 orc wizards
  13 iguanas
  A polar bear simulacrum (Lair:7)
  12 worker ants
  18 sheep
  4 yak simulacra (Lair:7)
  3 wolf simulacra (Lair:7)
  A hound skeleton (D:4)
  Robin (D:4)
  A worker ant zombie (D:8)
  29 gnolls
  A howler monkey skeleton (D:6)
  A howler monkey zombie (D:7)
  16 adders
  28 river rats
  4 shadow imps
  3 oozes
  An adder zombie (D:6)
  3 worms
  A dart slug (D:4)
  8 giant geckos
  111 orcs
  3 bats (D:1)
  8 giant cockroaches
  26 hobgoblins
  12 jackals
  6 quokkas
  A ball python (D:3)
  2 giant newts
  33 goblins
  16 kobolds
  A quokka skeleton (D:9)
  8 rats
  3 river rat simulacra (Lair:7)
  12 fungi
  5 plants
1050 creatures vanquished.

Vanquished Creatures (collateral kills)
  Maud (D:12)
  A merfolk (Lair:3)
2 creatures vanquished.

Vanquished Creatures (others)
  A rime drake (Lair:8)
  A tengu conjurer (D:15)
  A hound (Lair:8)
  16 fungi
  16 plants
35 creatures vanquished.

Grand Total: 1087 creatures vanquished

Notes
Turn   | Place    | Note
--------------------------------------------------------------
     0 | D:1      | Chiseanne the Troll Monk began the quest for the Orb.
     0 | D:1      | Reached XP level 1. HP: 22/22 MP: 0/0
    93 | D:1      | Reached XP level 2. HP: 29/29 MP: 1/1
   604 | D:1      | Reached XP level 3. HP: 37/37 MP: 2/2
   776 | D:2      | Reached skill level 3 in Dodging
   979 | D:2      | Noticed Jessica
   992 | D:2      | Killed Jessica
   992 | D:2      | Reached XP level 4. HP: 41/45 MP: 3/3
  1847 | D:3      | Reached XP level 5. HP: 54/54 MP: 4/4
  2214 | D:4      | Noticed Grinder
  2253 | D:4      | Killed Grinder
  2253 | D:4      | Reached skill level 4 in Dodging
  2253 | D:4      | Reached XP level 6. HP: 21/63 MP: 5/5
  2709 | D:4      | Reached skill level 5 in Fighting
  2709 | D:4      | Reached skill level 5 in Dodging
  2709 | D:4      | Reached XP level 7. HP: 36/72 MP: 6/6
  2796 | D:4      | Noticed Robin
  2811 | D:4      | Killed Robin
  2848 | D:4      | Noticed Blork the orc
  2858 | D:4      | Killed Blork the orc
  3114 | D:5      | Entered Level 5 of the Dungeon
  3123 | D:5      | Noticed a hippogriff
  3136 | D:5      | Killed a hippogriff
  3148 | D:5      | Noticed Chiseanne's ghost (amateur TrMo)
  3175 | D:5      | Noticed a rust devil
  3216 | D:5      | Found a staircase to the Ecumenical Temple.
  3245 | Temple   | Entered the Ecumenical Temple
  3447 | Temple   | Became a worshipper of the Shining One
  3447 | Temple   | Reached * piety under the Shining One
  3447 | Temple   | Reached ** piety under the Shining One
  3503 | D:5      | Noticed an angel
  3580 | D:5      | Reached XP level 8. HP: 66/83 MP: 7/7
  3706 | D:5      | Reached skill level 6 in Dodging
  4161 | D:6      | Reached skill level 1 in Invocations
  4342 | D:6      | Noticed Edmund
  4361 | D:6      | Killed Edmund
  5023 | D:7      | Reached skill level 5 in Invocations
  5690 | D:8      | Found Ykuhor's Weapon Emporium.
  5704 | D:8      | Reached *** piety under the Shining One
  5724 | D:8      | Reached XP level 9. HP: 89/89 MP: 12/12
  5868 | D:8      | Found Xeuc's Food Boutique.
  5879 | D:8      | Found a bloodstained altar of Trog.
  6165 | D:8      | Found Rimew's Armour Shoppe.
  6182 | D:8      | Bought a +1 hat for 132 gold pieces
  6211 | D:8      | Found Duicekiwi's General Store.
  6228 | D:8      | Bought a cursed amulet of inaccuracy for 24 gold pieces
  6228 | D:8      | Bought a scroll of teleportation for 36 gold pieces
  6636 | D:8      | Reached skill level 7 in Dodging
  6746 | D:8      | Found a blossoming altar of Fedhas.
  6812 | D:8      | Reached **** piety under the Shining One
  7112 | D:9      | Found an iron altar of Okawaru.
  7127 | D:9      | Found a bloodstained altar of Trog.
  7217 | D:9      | Reached XP level 10. HP: 102/102 MP: 15/15
  7338 | D:9      | Noticed an elephant
  7338 | D:9      | Found a staircase to the Lair.
  7349 | D:9      | Killed an elephant
  7806 | D:9      | Noticed Maurice
  7841 | D:9      | Killed Maurice
  8130 | D:10     | Entered Level 10 of the Dungeon
  8137 | D:10     | Noticed Erolcha
  8163 | D:10     | Killed Erolcha
  8163 | D:10     | Reached skill level 10 in Invocations
  8790 | D:10     | Reached XP level 11. HP: 106/111 MP: 15/17
  8965 | D:11     | Noticed a purple ugly thing
  8999 | D:10     | Killed a purple ugly thing
  8999 | D:10     | Reached skill level 8 in Dodging
  9126 | D:11     | Noticed a hill giant
  9210 | D:11     | Killed a hill giant
  9498 | D:11     | Noticed a green ugly thing
  9505 | D:11     | Noticed a hill giant
  9526 | D:11     | Killed a green ugly thing
  9539 | D:11     | Killed a hill giant
  9885 | D:11     | Found a staircase to the Orcish Mines.
 10176 | D:12     | Found a flagged portal.
 10183 | D:12     | Noticed Fannar
 10185 | Bailey   | Entered a bailey
 10255 | Bailey   | Noticed Yehuk's ghost (novice DsMo)
 10263 | Bailey   | Killed Yehuk's ghost
 10263 | Bailey   | Reached skill level 9 in Dodging
 10428 | Bailey   | Noticed an orc knight
 10495 | Bailey   | Killed an orc knight
 10674 | Bailey   | Noticed an orc warlord
 10694 | Bailey   | Killed an orc warlord
 10700 | Bailey   | Got a crude shortbow
 10964 | D:13     | Gained mutation: You are somewhat resistant to further mutation. [potion of beneficial mutation]
 10995 | D:13     | Found Nuityme's Book Shop.
 11028 | D:13     | Found a labyrinth entrance.
 11042 | Lab      | Entered a labyrinth
 11288 | Lab      | Noticed a minotaur
 11297 | Lab      | Killed a minotaur
 11297 | Lab      | Reached skill level 10 in Fighting
 11297 | Lab      | Reached XP level 12. HP: 123/126 MP: 14/18
 11304 | Lab      | Got a steaming iron ring
 11328 | Lab      | Identified the ring of Qaipn {Fire Int+4} (You found it in a labyrinth)
 11350 | D:13     | Reached skill level 10 in Dodging
 11957 | D:13     | Noticed Rupert
 12172 | D:13     | Reached skill level 11 in Dodging
 12281 | D:13     | Identified a -2 rod of inaccuracy (10/10) (You found it on level 13 of the Dungeon)
 12322 | D:13     | Paralysed by Rupert for 7 turns
 12672 | D:14     | Noticed a tengu warrior
 12689 | D:14     | Killed a tengu warrior
 12842 | D:14     | Found a glowing golden altar of the Shining One.
 12957 | D:14     | Noticed a centaur warrior
 12969 | D:14     | Killed a centaur warrior
 12993 | D:14     | Reached skill level 12 in Dodging
 13165 | D:14     | Found a gate to the Vaults.
 13562 | D:14     | Reached XP level 13. HP: 131/133 MP: 16/19
 13670 | D:15     | Entered Level 15 of the Dungeon
 13717 | D:15     | Noticed a fire dragon
 13746 | D:15     | Killed a fire dragon
 13754 | D:15     | Reached skill level 13 in Dodging
 13854 | D:15     | Found a staircase to the Depths.
 14046 | D:15     | Found a shadowy altar of Dithmenos.
 14155 | D:15     | Reached ***** piety under the Shining One
 14578 | D:15     | Reached skill level 1 in Throwing
 14726 | D:15     | Found an iron altar of Okawaru.
 15136 | Orc:1    | Entered Level 1 of the Orcish Mines
 15136 | Orc:1    | Noticed Urug
 15800 | D:11     | Killed Urug
 16144 | Orc:1    | Reached skill level 5 in Throwing
 16447 | Orc:2    | Entered Level 2 of the Orcish Mines
 16494 | Orc:2    | Found a staircase to the Elven Halls.
 16522 | Orc:2    | Noticed a stone giant
 16556 | Orc:2    | Killed a stone giant
 16852 | Orc:2    | Noticed Snorg
 16864 | Orc:2    | Killed Snorg
 17790 | Orc:2    | Reached XP level 14. HP: 143/143 MP: 20/20
 18364 | Orc:2    | Found Afapen's Magic Scroll Shop.
 18365 | Orc:2    | Found Dekyenu's Magic Scroll Boutique.
 18365 | Orc:2    | Found Wequ's Armour Shop.
 18366 | Orc:2    | Found Xidgh's Magic Scroll Shop.
 18376 | Orc:2    | Bought a scroll of magic mapping for 45 gold pieces
 18376 | Orc:2    | Bought a scroll of identify for 26 gold pieces
 18376 | Orc:2    | Bought a scroll of identify for 26 gold pieces
 18376 | Orc:2    | Bought a scroll of identify for 26 gold pieces
 18376 | Orc:2    | Bought a scroll of blinking for 97 gold pieces
 18379 | Orc:2    | Bought a scroll of fog for 26 gold pieces
 18379 | Orc:2    | Bought a scroll of identify for 26 gold pieces
 18379 | Orc:2    | Bought a scroll of identify for 26 gold pieces
 18380 | Orc:2    | Bought a scroll of magic mapping for 42 gold pieces
 18380 | Orc:2    | Bought a scroll of silence for 90 gold pieces
 18380 | Orc:2    | Bought a scroll of fog for 24 gold pieces
 18380 | Orc:2    | Bought a scroll of recharging for 114 gold pieces
 18380 | Orc:2    | Bought a scroll of blinking for 90 gold pieces
 18380 | Orc:2    | Bought a scroll of identify for 24 gold pieces
 18381 | Orc:2    | Bought a scroll of torment for 97 gold pieces
 18381 | Orc:2    | Bought a scroll of immolation for 45 gold pieces
 18382 | Orc:2    | Was placed under penance by the Shining One
 18654 | Orc:1    | Noticed Josephine
 18673 | Orc:1    | Killed Josephine
 18881 | Lair:1   | Entered Level 1 of the Lair of Beasts
 19164 | Lair:1   | Got a heavily runed granite ring
 19165 | Lair:1   | Identified the ring of the Duchess {rPois Int+4} (You found it on level 1 of the Lair of Beasts)
 19356 | Lair:1   | Was forgiven by the Shining One
 19554 | Lair:1   | Reached skill level 10 in Throwing
 20333 | Lair:2   | Wingboner: You be trollin'
 20355 | Lair:2   | Chiseanne: haha
 20720 | Lair:3   | Noticed Conn321's ghost (journeyman NaEn)
 20743 | Lair:3   | Killed Conn321's ghost
 20943 | Lair:3   | Found a staircase to the Snake Pit.
 21023 | Lair:3   | Got an ichor-stained robe
 21024 | Lair:3   | Identified the +2 robe of the Stars {Str+6 Stlth+} (You found it on level 3 of the Lair of Beasts)
 21035 | Lair:3   | Found a staircase to the Shoals.
 22932 | Lair:6   | Reached XP level 15. HP: 128/148 MP: 19/23
 23445 | Lair:7   | Reached skill level 14 in Dodging
 23551 | Lair:7   | Reached ****** piety under the Shining One
 23664 | Lair:7   | Found a staircase to the Slime Pits.
 23718 | Lair:7   | HP: 7/150 [necromancer/bolt of cold (25)]
 23740 | Lair:7   | HP: 3/152 [blink frog (11)]
 24707 | Lair:8   | Entered Level 8 of the Lair of Beasts
 26067 | Lair:8   | Got an iridescent short sword
 26068 | Lair:8   | Identified the +7 short sword of Trog's Hope {pierce, +Blink rC+} (You found it on level 8 of the Lair of Beasts)
 26855 | Lair:8   | Learned a level 2 spell: Repel Missiles
 26858 | Lair:8   | Learned a level 2 spell: Swiftness
 27457 | D:12     | Killed Fannar
 27611 | D:12     | Noticed Maud
 27622 | D:12     | Killed Maud
 27834 | D:12     | Found a sacrificial altar of Ru.
 28000 | Depths:1 | Entered Level 1 of the Depths
 28000 | Depths:1 | Noticed Wiglaf
 28032 | D:15     | Killed Wiglaf
 28645 | Snake:1  | Entered Level 1 of the Snake Pit
 28736 | Snake:1  | HP: 6/156 [poisoned by a black mamba]
 29282 | Snake:1  | Reached XP level 16. HP: 111/165 MP: 19/24
 29691 | Snake:2  | Reached skill level 15 in Dodging
 29723 | Snake:2  | HP: 3/165 [naga warrior/trident (11)]
 29726 | Snake:2  | HP: 1/165 [naga warrior/trident (13)]
 30257 | Snake:2  | Slain by a greater naga

Vault maps used:
D:1:      dpeg_arrival_orchard, serial_aquarium, aquarium_bridge_straight,
          aquarium_window_fake, aquarium_window_fake, aquarium_view_2d,
          aquarium_view_2c
D:2:      uniq_jessica
D:3:      first_bread
D:4:      minmay_misc_feat_columns, grunt_decor_mini_mirrors, uniq_grinder,
          uniq_robin, uniq_blork_the_orc
D:5:      temple_garden
D:6:      uniq_edmund
D:8:      kennysheep_seaside_town, serial_shops, nicolae_shop_statue_plus,
          nicolae_shop_window_shopping, nicolae_shop_trees,
          nicolae_shop_statue_plus, hangedman_tree_tricks,
          minmay_misc_feat_hallway, minmay_misc_feat_pillars, bloody_trog
D:9:      grunt_temple_overflow_bloody_war, david_lair_generic, uniq_maurice
D:10:     uniq_erolcha
D:11:     david_orc_2
D:12:     enter_bailey_2, nicolae_ru_awakened_eye, uniq_fannar, uniq_maud
D:13:     lab_entry_generic, serial_shops, nicolae_shop_crystal,
          corexii_leaking_fountain, uniq_rupert
D:14:     david_vaults_4, nicolae_tso_carved_into_rock
D:15:     grunt_enter_depths_snipers, okawaru_ov_weapons_minmay,
          grunt_dithmenos_shadows
Temple:   kilobyte_greek_temple_18
Lair:1:   beast_lair_carwin_1, lemuel_fruit_fields, lemuel_fruit_tree
Lair:2:   infiniplex_staircase_pool_2
Lair:3:   elwin_shoals_entry_stream, guppyfry_snake_entry_island
Lair:4:   pond, grunt_megastairs_2, lemuel_fruit_fields
Lair:5:   forest_entry_grove, grunt_megastairs_5
Lair:6:   roderic_carrion_pond
Lair:7:   minmay_slime_entry_pillars, eino_house_with_fridge
Lair:8:   hangedman_lair_caniforms_friends, guppyfry_lair_end_dragon
Snake:1:  serial_bayou_shore_b
Orc:1:    statue_in_the_mist_lemuel, uniq_josephine, uniq_urug
Orc:2:    st_orc_pillars, uniq_snorg
Depths:1: pf_coc_iceberg, minmay_misc_feat_encased, nicolae_for_you_no_charge,
          firewood_loft, serial_bayou_shore_b, hangedman_decor_cross_pass,
          uniq_wiglaf
Lab:      labyrinth_mini_lab, lab_statue, nicolae_lab_plus
Bailey:   bailey_axe_minmay_hex_keep, bailey

Skill      XL: |  1  2  3  4  5  6  7  8  9 10 11 12 13 14 15 16 |
---------------+-------------------------------------------------+-----
Fighting       | 3 4 5 6 7 10 12 | 12.2
Dodging        | 3 4 5 6 7 9 12 13 14 15 | 15.1
Invocations    | 5 8 10 12 | 12.2
Throwing       | 7 10 11 | 11.6
Stealth        | |  1.1
Unarmed Combat | |  4.0

Action                   |  1- 3 |  4- 6 |  7- 9 | 10-12 | 13-15 | 16-18 || total
-------------------------+-------+-------+-------+-------+-------+-------++-------
Melee: Unarmed           |    82 |   117 |   455 |   938 |  2673 |   122 ||  4387
       Punch             |     2 |     4 |     5 |    27 |     5 |       ||    43
       Long sword        |       |       |       |     8 |    35 |       ||    43
       Great mace        |       |       |       |    24 |       |       ||    24
       Scimitar          |       |       |       |       |    43 |       ||    43
Throw: Tomahawk          |       |     2 |     5 |    46 |    22 |       ||    75
       Stone             |       |     1 |     4 |       |       |       ||     5
       Javelin           |       |       |       |     4 |    77 |       ||    81
       Large rock        |       |       |       |       |    45 |     5 ||    50
       Throwing net      |       |       |       |       |     1 |       ||     1
Invok: Divine Shield     |       |       |     1 |    12 |    24 |     3 ||    40
       Cleansing Flame   |       |       |       |     8 |       |       ||     8
Evoke: Wand              |       |       |     3 |    21 |    20 |     3 ||    47
       Rod               |       |       |       |     2 |       |       ||     2
       Deck              |       |       |       |       |     2 |       ||     2
       Phial of floods   |       |       |       |       |     4 |       ||     4
  Use: Scroll            |       |     3 |    13 |    19 |    22 |     4 ||    61
       Potion            |       |       |       |    13 |    17 |     3 ||    33
 Stab: Sleeping          |     4 |     1 |       |       |       |       ||     5
       Distracted        |       |       |       |       |     1 |       ||     1
       Confused          |       |       |       |       |     1 |       ||     1
  Eat: Chunk             |    14 |    16 |    39 |    69 |   145 |     4 ||   287
       Bread ration      |       |       |       |       |     3 |       ||     3
       Royal jelly       |       |       |       |       |       |     1 ||     1
Armor: Robe              |    22 |    34 |   157 |   228 |   570 |    24 ||  1035
       Skin              |       |       |       |       |     1 |       ||     1
Dodge: Dodged            |    29 |    39 |   263 |   647 |  1676 |    54 ||  2708
Block: Other             |       |       |     1 |    72 |    25 |       ||    98
       Shield            |       |       |       |       |  1720 |   129 ||  1849
